 Dungeon Crawl Stone Soup version 0.18.1-48-g4cf74bf (webtiles) character file.

8 MaCx the Magician (level 2, -1/15 HPs)
             Began as a Gargoyle Wizard on Sept 3, 2016.
             Slain by a worm (3 damage)
             ... on level 2 of the Dungeon.
             The game lasted 00:03:15 (784 turns).

MaCx the Magician (Gargoyle Wizard)                  Turns: 784, Time: 00:03:16

Health: -1/15      AC:  6    Str: 10    XL:     2   Next: 8%
Magic:  3/6        EV: 11    Int: 18    God:
Gold:   58         SH:  0    Dex:  8    Spells: 1 memorised, 6 levels left

rFire  . . .     SeeInvis .     (no weapon)
rCold  . . .     Gourm    .     a - +0 robe
rNeg   + . .     Faith    .     (no shield)
rPois  ∞         Spirit   .     b - +0 hat
rElec  +         Dismiss  .     (no cloak)
rCorr  .         Reflect  .     g - +0 pair of gloves
SustAt .         Harm     .     f - +0 pair of boots
MR     .....                    (no amulet)
Stlth  ++........               (no ring)
                                (no ring)

@: not resistant to hostile enchantments, unstealthy
A: negative energy resistance 1, electricity resistance, unbreathing,
petrification resistance, rot immunity, AC +2
a: no special abilities


You were on level 2 of the Dungeon.
You were not hungry.

You visited 1 branch of the dungeon, and saw 2 of its levels.

You collected 58 gold pieces.

Inventory:

Armour
 a - a +0 robe (worn)
 b - a +0 hat (worn)
 f - a +0 pair of boots (worn)
 g - a +0 pair of gloves (worn)
Jewellery
 e - a +5 amulet of reflection
Scrolls
 k - a scroll of random uselessness {unknown}
 l - a scroll of noise {unknown}
 m - a scroll of recharging {unknown}
Potions
 h - a potion of haste {unknown}
 i - a potion of invisibility {unknown}
 j - a potion of curing {unknown}
Books
 c - a book of Minor Magic

   Spells                             Type                      Level
   a - Magic Dart                     Conjuration                  1
   b - Blink                          Translocation                2
   c - Call Imp                       Summoning                    2
   d - Repel Missiles                 Charms/Air                   2
   e - Slow                           Hexes                        2
   f - Conjure Flame                  Conjuration/Fire             3
   g - Mephitic Cloud                 Conjuration/Poison/Air       3
 n - a book of Air

   Spells                             Type                      Level
   a - Shock                          Conjuration/Air              1
   b - Swiftness                      Charms/Air                   2
   c - Repel Missiles                 Charms/Air                   2
   d - Static Discharge               Conjuration/Air              3
   e - Lightning Bolt                 Conjuration/Air              5
Comestibles
 d - 2 bread rations


   Skills:
 - Level 1.5 Dodging
 - Level 2.1 Stealth
 + Level 3.2 Spellcasting
 + Level 1.8 Conjurations
   Level 0.8 Summonings
   Level 0.8 Translocations


You had 6 spell levels left.
You knew the following spells:

 Your Spells              Type           Power        Failure   Level  Hunger
a - Magic Dart            Conj           #...         10%         1    None


Dungeon Overview and Level Annotations

Branches:
Dungeon (1/15)

Altars:
Ashenzari
Pakellas
Qazlal


Innate Abilities, Weirdness & Mutations

You are resistant to torment.
Your stone body is resilient (AC +2).
You are immune to poison.
You resist negative energy.
You are resistant to electric shocks.
You can survive without breathing.
You are immune to petrification.
You are immune to rotting.


Message History

The worm barely misses you.
You hit the worm but do no damage.
The worm is almost dead.
The worm bites you!
You barely miss the worm.
The worm is severely wounded.
You completely miss the worm.
The worm is severely wounded.
The worm bites you but does no damage.
You hit the worm.
The worm is severely wounded.
You hit the worm but do no damage.
The worm is severely wounded.
The worm bites you!
Ouch! That really hurt!
* * * LOW HITPOINT WARNING * * *
You are too injured to fight recklessly!
You are too injured to fight recklessly!
The worm bites you.
You die...

#### ##♣#..##
#..#######. #...w._#
#.......... ###@.###
#.# #......#
#.#####.### ###..###
#..........
#_.....#########.###
###..###.........#
#......#.#########
###..###.#
#....._#.#
##8..8##.#


You could see a worm.

Vanquished Creatures
  3 goblins (D:1)
  2 kobolds (D:1)
  2 bats (D:1)
  A giant newt (D:2)
  A rat (D:1)
9 creatures vanquished.

Notes
Turn   | Place    | Note
--------------------------------------------------------------
     0 | D:1      | MaCx the Gargoyle Wizard began the quest for the Orb.
     0 | D:1      | Reached XP level 1. HP: 10/10 MP: 4/4
   427 | D:1      | Reached XP level 2. HP: 15/15 MP: 0/6
   656 | D:1      | You fall through a shaft!
   656 | D:2      | Found a shattered altar of Ashenzari.
   658 | D:2      | Found a stormy altar of Qazlal.
   662 | D:2      | Found an oddly glowing altar of Pakellas.
   784 | D:2      | Slain by a worm

Action                   || total
-------------------------++-------
Melee: Unarmed           ||    51
 Cast: Magic Dart        ||    26
  Use: Scroll            ||     2
Armor: Robe              ||    10
Dodge: Dodged            ||    28
